 Dungeon Crawl Stone Soup version 0.17.0-19-gb37c632 (webtiles) character file.

332 R33an1 the Poker (level 6, 0/55 HPs)
             Began as a Minotaur Berserker on Nov 12, 2015.
             Was a Believer of Trog.
             Slain by a gnoll
             ... wielding a +0 halberd
              (5 damage)
             ... on level 4 of the Dungeon.
             The game lasted 00:25:03 (3148 turns).

R33an1 the Poker (Minotaur Berserker)               Turns: 3148, Time: 00:25:03

Health: 0/55       AC:  9    Str: 22      XL:     6   Next: 26%
Magic:  5/5        EV:  9    Int:  4      God:    Trog [**....]
Gold:   122        SH:  0    Dex:  9 (11) Spells: 0 memorised, 5 levels left

rFire  . . .     SeeInvis .     f - +0 mace
rCold  . . .     Clarity  .     l - +0 chain mail
rNeg   . . .     SustAt   .     (no shield)
rPois  .         Gourm    .     (helmet restricted)
rElec  .         Spirit   .     (no cloak)
rCorr  .         Warding  .     (no gloves)
rMut   .         Stasis   .     (no boots)
MR     .....                    (no amulet)
Stlth  ..........               (no ring)
                                (no ring)

@: exhausted, slowed, very slow, not resistant to hostile enchantments,
extremely unstealthy
A: retaliatory headbutt, horns 2
a: Berserk, Trog's Hand, Burn Spellbooks, Renounce Religion


You were on level 4 of the Dungeon.
You worshipped Trog.
Trog was pleased with you.
You were full.

You visited 1 branch of the dungeon, and saw 4 of its levels.

You collected 122 gold pieces.

Inventory:

Hand Weapons
 a - a +0 spear
 f - a +0 mace (weapon)
 r - a +0 quarterstaff
Missiles
 d - 111 stones
 i - 48 bolts
 m - 3 tomahawks (quivered)
Armour
 b - a +0 animal skin
 l - a +0 chain mail (worn)
 s - a +0 cloak
 t - a +0 ring mail
Jewellery
 j - a cursed ring of teleportation {unknown}
Scrolls
 c - a scroll of fear {unknown}
 e - 5 scrolls of remove curse {unknown}
 g - a scroll of immolation {unknown}
 h - 7 scrolls of identify {unknown}
 n - a scroll of enchant armour {unknown}
 q - a scroll of teleportation {unknown}
 x - a scroll of enchant weapon {unknown}
 y - a scroll of magic mapping {unknown}
Comestibles
 o - a beef jerky
 u - a royal jelly


   Skills:
 + Level 4.9 Fighting
 + Level 5.1(5.2) Polearms
 + Level 1.6(3.6) Staves
 + Level 0.4 Throwing
 + Level 4.3 Armour
 + Level 4.0 Dodging
 + Level 0.8 Stealth


You had 5 spell levels left.
You didn't know any spells.

Dungeon Overview and Level Annotations

Branches:
Dungeon (4/15)
 Temple: D:4-7

Altars:


Innate Abilities, Weirdness & Mutations

You reflexively headbutt those who attack you in melee.
You have a pair of horns on your head.


Message History

The gnoll hits you but does no damage.
The gnoll shaman hits you but does no damage.
The gnoll barely misses you.
You hit the gnoll shaman.
The gnoll shaman is heavily wounded.
The gnoll barely misses you. The gnoll closely misses you.
The orc wizard points at you and mumbles some strange words.
The puff of frost misses you.
The puff of frost hits the gnoll shaman.
The gnoll shaman dies!
The gnoll closely misses you. The gnoll barely misses you.
The orc wizard hits you but does no damage.
The gnoll hits you but does no damage. The gnoll misses you.
The gnoll hits you but does no damage. The gnoll hits you with a halberd.
* * * LOW HITPOINT WARNING * * *
The orc wizard hits you but does no damage.
Items here: ( )) [ † a whip of freezing; a robe; a flail; 2 tomahawks; an orc corpse The gnoll hits you but does no damage.
The gnoll hits you with a halberd.
You die...

..####.###...###.##..###
###.....................
...###.###...###.##.####
.......# #. .# #.# #
#..###.# #o# ##.# #.#
#o# ##.###.# #...# #o#
.#..##.###...###)##.#
...............g@g..#
.#...#.###...###.####
.#...#.###...###.#
.#...#...........#
##.#.#.###..####.##
.........(.<.......
##.#...####..###.##
..................
......>####..####


You could see 2 orc priests, an orc wizard and 2 gnolls.

Vanquished Creatures
  A black bear (D:4)
  A giant frog zombie (D:3)
  An orc wizard (D:3)
  4 adders
  6 gnolls
  An ooze (D:3)
  A worm (D:2)
  4 giant geckos
  6 orcs
  5 bats
  3 giant cockroaches (D:1)
  4 goblins
  9 hobgoblins
  2 jackals (D:3)
  A kobold (D:3)
  A giant newt (D:2)
  3 rats
53 creatures vanquished.

Vanquished Creatures (others)
  A gnoll shaman (D:4)
1 creature vanquished.

Grand Total: 54 creatures vanquished

Notes
Turn   | Place    | Note
--------------------------------------------------------------
     0 | D:1      | R33an1 the Minotaur Berserker began the quest for the Orb.
     0 | D:1      | Reached XP level 1. HP: 19/19 MP: 0/0
     2 | D:1      | Noticed a gargoyle
     2 | D:1      | Noticed a minotaur
     4 | D:1      | Noticed a tengu
     4 | D:1      | Noticed a vampire
     6 | D:1      | Noticed a human
     6 | D:1      | Noticed an octopode
     8 | D:1      | Noticed a vine stalker
    10 | D:1      | Noticed an ogre
    10 | D:1      | Noticed a demigod
    12 | D:1      | Noticed a spriggan
    12 | D:1      | Noticed a formicid
    14 | D:1      | Noticed a draconian
    14 | D:1      | Noticed a merfolk
    16 | D:1      | Noticed a dwarf
    16 | D:1      | Noticed an elf
    18 | D:1      | Noticed a naga
    18 | D:1      | Noticed a centaur
    22 | D:1      | Noticed a troll
    24 | D:1      | Noticed a felid
    26 | D:1      | Noticed a ghoul
    26 | D:1      | Noticed a demonspawn
   259 | D:1      | Reached skill level 4 in Polearms
   432 | D:1      | Reached XP level 2. HP: 27/27 MP: 1/1
   839 | D:2      | Reached XP level 3. HP: 23/33 MP: 2/2
  1282 | D:1      | Reached XP level 4. HP: 40/40 MP: 3/3
  1403 | D:1      | Reached ** piety under Trog
  2023 | D:3      | Reached skill level 5 in Polearms
  2376 | D:3      | Reached XP level 5. HP: 44/47 MP: 4/4
  2382 | D:3      | Reached skill level 1 in Staves
  2901 | D:4      | Identified the Disquisition on Calling and Displacement
  2986 | D:4      | Noticed a black bear
  2992 | D:4      | Killed a black bear
  2992 | D:4      | Reached XP level 6. HP: 36/55 MP: 5/5
  3148 | D:4      | Slain by a gnoll

Action                   |  1- 3 |  4- 6 || total
-------------------------+-------+-------++-------
Melee: Spear             |    50 |       ||    50
       Quarterstaff      |    11 |    51 ||    62
       Mace              |       |    22 ||    22
Throw: Tomahawk          |       |     1 ||     1
Invok: Berserk           |       |     2 ||     2
       Burn Spellbooks   |       |     1 ||     1
       Trog's Hand       |       |     1 ||     1
  Use: Potion            |     2 |     3 ||     5
 Stab: Sleeping          |     1 |       ||     1
  Eat: Bread ration      |     1 |     1 ||     2
       Meat ration       |       |     1 ||     1
